 Dungeon Crawl Stone Soup version 0.27.1 (webtiles) character file.

Game seed: 12461510131177871963

98 Cataline the Ruffian (level 4, -1/44 HPs)
             Began as a Troll Berserker on Sept 1, 2021.
             Was a Believer of Trog.
             Succumbed to Ijyb's poison
             ... on level 3 of the Dungeon.
             The game lasted 00:13:41 (1576 turns).

Cataline the Ruffian (Troll Berserker)              Turns: 1576, Time: 00:13:42

Health: -1/44      AC:  4    Str: 26    XL:     4   Next: 43%
Magic:  3/3        EV: 10    Int:  3    God:    Trog [**....]
Gold:   70         SH:  0    Dex:  9    Spells: 3/3 levels left

rFire    . . .     SeeInvis .     - Unarmed
rCold    . . .     Faith    .   (no shield)
rNeg     . . .     Spirit   .   a - +0 animal skin
rPois    .         Reflect  .   (helmet restricted)
rElec    .         Harm     .   (no cloak)
rCorr    .         Rampage  .   (gloves unavailable)
Will     .....                  (boots unavailable)
Stlth    +.........             (no amulet)
HPRegen  1.14/turn              (no ring)
MPRegen  0.08/turn              (no ring)

@: lethally poisoned (-1 -> -9)
A: large, unfitting armour, claws 3, regeneration 1, shaggy fur 1, tough skin 1
a: Renounce Religion, Berserk, Trog's Hand


You were on level 3 of the Dungeon.
You worshipped Trog.
Trog was pleased with you.
You visited 1 branch of the dungeon, and saw 3 of its levels.

You collected 70 gold pieces.

Inventory:

Hand Weapons
 f - a +3 dagger
 g - a +2 dagger of venom
 k - a +0 hunting sling
Missiles
 c - 23 stones (quivered)
 h - 18 bolts
 j - 4 large rocks
Armour
 a - a +0 animal skin (worn)
Scrolls
 b - a scroll of holy word {unknown}
 d - a scroll of identify {unknown}
 e - 2 scrolls of brand weapon {unknown}
 i - a scroll of enchant weapon {unknown}
 m - a scroll of fog {unknown}
Potions
 l - a potion of might {unknown}


   Skills:
 + Level 2.8 Fighting
 + Level 0.8 Throwing
 + Level 3.0 Dodging
 + Level 0.3 Stealth
 + Level 4.0 Unarmed Combat


You had 3 spell levels left.
You didn't know any spells.
Your spell library was empty.

Dungeon Overview and Level Annotations

Branches:
Dungeon (3/15)

Altars:
Qazlal


Innate Abilities, Weirdness & Mutations

You are too large for most types of armour.
You have claws for hands.
Your natural rate of healing is unusually fast.
You are covered in fur. (AC +1)
You have tough skin. (AC +1)


Message History

You are poisoned.
You scratch Ijyb but do no damage.
Ijyb is moderately wounded.
You feel very sick.
You closely miss Ijyb.
Ijyb is moderately wounded.
You feel very sick.
Ijyb hits you with a +2 dagger of venom.
You are more poisoned.
You scratch Ijyb.
Ijyb is heavily wounded.
You feel very sick. Ijyb closely misses you.
You scratch Ijyb but do no damage.
Ijyb is heavily wounded.
You feel sick.
Ijyb hits you with a +2 dagger of venom.
You are more poisoned.
You barely miss Ijyb.
Ijyb is heavily wounded.
You feel very sick.
Ijyb hits you with a +2 dagger of venom.
You are lethally poisoned!
You closely miss Ijyb.
Ijyb is heavily wounded.
* * * LOW HITPOINT WARNING * * *
You feel extremely sick. Ijyb closely misses you.
You scratch Ijyb.
Ijyb is severely wounded.
* * * LOW HITPOINT WARNING * * *
You feel very sick. Ijyb barely misses you.
You claw Ijyb!
You kill Ijyb!
Trog accepts your kill.
* * * LOW HITPOINT WARNING * * *
You feel very sick.
Your Unarmed Combat skill increases to level 4!
You die...

####.### ......
#......##......≈
#.##.#......... #
##.#.###.≈.# §
##.#...[# #...# §≈≈
..........###...#§>§§
####.#....##..≈≈≈≈._≈
#.##........≈≈≈≈≈§ #
#.#.##.@.≈####
.....###..≈≈...§
###+### #........
......≈.. .........
..####.#.. .# #. . ..
..


There were no monsters in sight!

Vanquished Creatures
  Ijyb (D:3)
  An adder (D:2)
  2 dart slugs (D:2)
  6 ball pythons
  4 endoplasms
  2 giant cockroaches (D:1)
  9 goblins
  4 hobgoblins
  5 quokkas
  9 bats
  6 frilled lizards
  5 kobolds
  2 rats (D:1)
56 creatures vanquished.

Notes
Turn   | Place    | Note
-------+----------+-------------------------------------------
     0 | D:1      | Cataline the Troll Berserker began the quest for the Orb.
     0 | D:1      | Reached XP level 1. HP: 22/22 MP: 0/0
    21 | D:1      | Found a faded altar of an unknown god.
   201 | D:1      | Reached XP level 2. HP: 26/29 MP: 1/1
   606 | D:1      | Reached ** piety under Trog
   628 | D:1      | Reached XP level 3. HP: 36/36 MP: 2/2
  1348 | D:2      | Reached XP level 4. HP: 44/44 MP: 3/3
  1563 | D:3      | Noticed Ijyb
  1566 | D:3      | Found a stormy altar of Qazlal.
  1575 | D:3      | Killed Ijyb
  1575 | D:3      | HP: 2/44 [poisoned by Ijyb]
  1576 | D:3      | Reached skill level 4 in Unarmed Combat
  1576 | D:3      | Succumbed to Ijyb's poison

Illustrated notes

Levels and vault maps discovered:
D:1:      dpeg_arrival_tiny_a, layout_loops_ring, basic_ecumenical_altar
D:2:      layout_basic, chequers_serial_rivers_large_b, st_stairs_13,
          kennysheep_generic_room_14
D:3:      layout_loops_corners, grunt_temple_overflow_order_and_chaos_2,
          nicolae_qazlal_general_emergency, lemuel_flame_loot_1, uniq_ijyb

Skill      XL: |  1  2  3  4 |
---------------+-------------+-----
Dodging        | 3 |  3.0
Unarmed Combat | 4 |  4.0
Fighting       | |  2.8
Throwing       | |  0.8
Stealth        | |  0.3

Action                   |  1- 3 |  4- 6 || total
-------------------------+-------+-------++-------
Melee: Unarmed           |   106 |    12 ||   118
       Punch             |     1 |       ||     1
Throw: Stone             |    36 |       ||    36
 Stab: Sleeping          |     2 |       ||     2
Armor: Animal skin       |    39 |     3 ||    42
Dodge: Dodged            |    48 |    10 ||    58
